 Dungeon Crawl Stone Soup version 0.31.0-12-g77e489cdc1 (webtiles) character file.

Game seed: 5802560619907251108

78 Arex the Ruffian (level 4, -2/36 HPs)
             Began as a Draconian Shapeshifter on Feb 13, 2024.
             Slain by a gnoll
             ... wielding a +0 spear
              (4 damage)
             ... on level 4 of the Dungeon.
             The game lasted 00:02:52 (1349 turns).

Arex the Ruffian (Draconian Shapeshifter)           Turns: 1349, Time: 00:02:53

Health: -2/36      AC:  5    Str: 16    XL:     4   Next: 15%
Magic:  4/4        EV: 12    Int: 10    God:
Gold:   78         SH:  0    Dex: 13    Spells: 3/3 levels left

rFire   . .          .
                       - Unarmed
rCold   . . .        (no shield)
rNeg    . . .        (body armour unavailable)
rPois   .            (helmet currently unavailable)
rElec   .            (cloak currently unavailable)
rCorr   .            (gloves currently unavailable)
SInv    .            (boots currently unavailable)
Will    .....        m - amulet of regeneration
Stlth   +            (no ring)
HPRegen 1.06/turn    (no ring)
MPRegen 0.09/turn

%: no passive effects
@: mighty, beast-form
A: beast (slay +2), AC +5, unfitting armour, cold-blooded
a: Begin Untransformation


You were on level 4 of the Dungeon.
You were a hulking beast.
You visited 1 branch of the dungeon, and saw 4 of its levels.

You collected 78 gold pieces.

Inventory:

Armour
 f - a +2 hat
Jewellery
 k - an amulet of the acrobat
 m - an amulet of regeneration (around neck)
Talismans
 b - a beast talisman
 c - a flux talisman
Scrolls
 d - a scroll of revelation {unknown}
 i - a scroll of enchant weapon
 j - a scroll of teleportation {unknown}
 l - 2 scrolls of identify {unknown}
 n - a scroll of silence {unknown}
Potions
 a - a potion of lignification
 g - a potion of curing {unknown}
 h - a potion of heal wounds {unknown}
 o - 2 potions of degeneration {unknown}


   Skills:
 + Level 2.3 Fighting
 + Level 2.5 Dodging
 + Level 3.5 Unarmed Combat
 + Level 3.5 Shapeshifting


You had 3 spell levels left.
You didn't know any spells.
Your spell library was empty.

Dungeon Overview and Level Annotations

Branches:
Dungeon (4/15) Zot: 22655
 Temple: D:4-7

Altars:

Annotations:
D:3 Grinder, Ijyb


Innate Abilities, Weirdness & Mutations

You are a hulking beast.
Your limbs bulge with bestial killing power. (Slay +2)
Your plain brown scales are hard. (AC +5)
You cannot fit into any form of body armour.
You are cold-blooded and may be slowed by cold attacks.


Message History

An adder is nearby!
A gnoll comes into view. It is wielding a +0 spear.
The gnoll shouts!
A gnoll comes into view. It is wielding a +0 halberd.
A gnoll comes into view.
It is wielding a +1 spear of distortion.
Okay, then.
You throw a javelin. The javelin barely misses the gnoll.
The gnoll shouts! x2; The adder hisses angrily.
You throw a javelin. The javelin closely misses the gnoll.
The javelin barely misses the gnoll.
The javelin pierces through the gnoll!
The gnoll is severely wounded.
The gnoll closely misses you. The gnoll barely misses you.
You barely miss the adder.
Your tail-slap misses the adder.
The adder closely misses you.
It was a potion of might.
You feel very mighty all of a sudden. The gnoll barely misses you.
The adder closely misses you.
You miss the adder.
The gnoll hits you from afar with a +0 spear.
The adder closely misses you.
You punch the adder!
The adder is heavily wounded.
The adder bites you but does no damage.
The gnoll hits you from afar with a +0 halberd.
The gnoll hits you from afar with a +0 spear.
You hit the adder. You tail-slap the adder.
You kill the adder!
The gnoll closely misses you. The gnoll barely misses you.
The gnoll hits you from afar with a +1 spear of distortion.
You blink.
Unknown command.
The gnoll hits you from afar with a +0 halberd.
The gnoll barely misses you.
You barely miss the gnoll.
The gnoll hits you from afar with a +1 spear of distortion.
Space warps horribly around you!!
Ouch! That really hurt!
* * * LOW HITPOINT WARNING * * *
The gnoll barely misses you. The gnoll hits you with a +0 spear.
You die...

#.## .( #..#
... #..##
#... #...#
#..##
##..####....#
#...##.....#
##..#......#
#.gg......#
##g.h..####
#.....##
#...!.##
.........
......#..#
..#...##...
+##..# ##..#
..# ... ##


You could see 3 gnolls.

Vanquished Creatures
  3 adders
  A dart slug (D:1)
  4 bats
  2 endoplasms (D:1)
  5 giant cockroaches
  2 goblins (D:2)
  3 hobgoblins (D:1)
  A quokka (D:3)
  4 ball pythons
  2 frilled lizards (D:2)
  11 kobolds
  8 rats
46 creatures vanquished.

Vanquished Creatures (others)
  A goblin (D:3)
1 creature vanquished.

Grand Total: 47 creatures vanquished

Notes
Turn   | Place    | Note
-------+----------+-------------------------------------------
     0 | D:1      | Arex the Draconian Shapeshifter began the quest for the
                  | Orb.
     0 | D:1      | Reached XP level 1. HP: 16/16 MP: 1/1
    93 | D:1      | Reached XP level 2. HP: 23/23 MP: 2/2
   358 | D:1      | Found a faded altar of an unknown god.
   685 | D:2      | Reached XP level 3. HP: 29/29 MP: 3/3
  1211 | D:3      | Reached XP level 4. HP: 36/36 MP: 4/4
  1234 | D:3      | Noticed Ijyb
  1288 | D:3      | Noticed Grinder
  1311 | D:3      | Paralysed by Grinder for 3 turns
  1349 | D:4      | Slain by a gnoll

Illustrated notes

Levels and vault maps discovered:
D:1:      minmay_arrival_solitary_statue, layout_basic,
          shapermc_ecumenical_altar_pompeii, lexackson_kobold_supper
D:2:      layout_basic, chequers_serial_rivers_room_b, minmay_circle_x
D:3:      minmay_wonky_spiral, layout_basic,
          mainiacjoe_sewer_entry_somewhere_in_here_2, uniq_natasha,
          uniq_grinder, uniq_ijyb
D:4:      layout_gridville, minmay_misc_feat_diagonals,
          hangedman_abyss_or_decor_stagger, minmay_crossroads, uniq_pikel,
          uniq_blork_the_orc, uniq_robin, uniq_crazy_yiuf_cottage,
          uniq_menkaure, uniq_sigmund

Skill      XL: |  1  2  3 |
---------------+----------+-----
Dodging        | 2 |  2.5
Fighting       | 2 |  2.3
Unarmed Combat | |  3.5
Shapeshifting  | |  3.5

Action                     |  1- 3 |  4- 6 || total
---------------------------+-------+-------++-------
  Melee: Unarmed           |   123 |     9 ||   132
         Tailslap          |     9 |     2 ||    11
         Punch             |     4 |       ||     4
  Throw: Javelin           |       |     2 ||     2
    Use: Scroll            |     1 |       ||     1
         Potion            |       |     1 ||     1
 Armour: Skin              |    63 |    19 ||    82
  Dodge: Dodged            |    93 |    27 ||   120
